 Dungeon Crawl Stone Soup version 0.30.1-9-gdf580d7c3d (webtiles) character file.

Game seed: 4649185579728683262

539 lonewolfV2 the Covered (level 7, -1/41 (55) HPs)
             Began as a Formicid Fighter on Sept 28, 2023.
             Slain by a wight
             ... wielding a +3 flail of freezing
              (2 damage)
             ... on level 4 of the Dungeon.
             The game lasted 00:05:21 (3497 turns).

lonewolfV2 the Covered (Formicid Fighter)           Turns: 3497, Time: 00:05:22

HP:   -1/41 (55)    AC:  7    Str: 23    XL:     7   Next: 51%
MP:   7/7           EV: 10    Int:  7    God:
Gold: 577           SH: 11    Dex: 13    Spells: 6/6 levels left

rFire   . . .        a - +0 war axe
rCold   . . .        c - +1 buckler
rNeg    . . .        b - +0 scale mail
rPois   .            (helmet unavailable)
rElec   .            (no cloak)
rCorr   .            (no gloves)
SInv    +            (no boots)
Will    .....        q - amulet of reflection Stlth
                     (no ring)
HPRegen 0.26/turn    (no ring)
MPRegen 0.10/turn

%: reflection
@: mighty, very heavily drained
A: permanent stasis, dig shafts and tunnels, antennae 3, four strong arms
a: Dig, Shaft Self


You were on level 4 of the Dungeon.
You visited 1 branch of the dungeon, and saw 4 of its levels.

You collected 577 gold pieces.

Inventory:

Hand Weapons
 a - a +0 war axe (weapon)
Missiles
 k - 3 throwing nets
Armour
 b - a +0 scale mail (worn)
 c - a +1 buckler (worn)
Jewellery
 q - an amulet of reflection (around neck)
Wands
 m - a wand of flame (37)
Scrolls
 f - a scroll of fear
 h - a scroll of amnesia
 i - 2 scrolls of identify
 j - 2 scrolls of magic mapping
 o - a scroll of vulnerability
Potions
 l - 2 potions of mutation
 p - a potion of flight
 r - a potion of berserk rage


   Skills:
 + Level 4.5 Fighting
 + Level 4.8 Axes
 + Level 5.6 Armour
 + Level 1.1 Dodging
 + Level 0.2 Stealth
 + Level 5.3 Shields


You had 6 spell levels left.
You didn't know any spells.
Your spell library was empty.

Dungeon Overview and Level Annotations

Branches:
Dungeon (4/15)
 Temple: D:4-7

Altars:
Ashenzari
Elyvilon
Wu Jian
Xom

Shops:
D:2 *

Annotations:
D:3 3 runed translucent doors, Psyclone's ghost, amateur OpVM


Innate Abilities, Weirdness & Mutations

You cannot be hasted, slowed, berserked, paralysed or teleported.
You can dig through walls and to a lower floor.
You have a pair of large antennae on your head. (SInv)
Your four strong arms can wield two-handed weapons with a shield.


Message History

The wight hits you but does no damage. The wight barely misses you.
The wight hits you with a +3 flail of freezing.
The wight freezes you.
You completely miss the wight.
The wight is severely damaged.
You barely miss the wight. The wight barely misses you.
The wight hits you with a +5 dagger. The wight barely misses you.
The wight closely misses you. The wight completely misses you.
You block the wight's attack.
You barely miss the wight.
The wight is severely damaged.
You hit the wight. You block the wight's attack.
The wight hits you with a +5 dagger.
* * * LOW HITPOINT WARNING * * *
You block the wight's attack.
You feel better. You block the wight's attack. The wight misses you.
The wight closely misses you.
You feel better. You block the wight's attack.
The wight hits you with a +5 dagger.
You feel drained.
* * * LOW HITPOINT WARNING * * *
You block the wight's attack.
Unknown command.
You feel better. The wight misses you. The wight barely misses you.
The wight hits you with a +3 flail of freezing.
You feel drained. The wight freezes you.
* * * LOW HITPOINT WARNING * * *
Unknown command.
You closely miss the wight.
The wight is severely damaged.
You slash the wight! The wight barely misses you.
The wight hits you with a +5 dagger.
* * * LOW HITPOINT WARNING * * *
You feel drained.
* * * LOW HITPOINT WARNING * * *
The wight hits you with a +3 flail of freezing.
* * * LOW HITPOINT WARNING * * *
You feel drained.
* * * LOW HITPOINT WARNING * * *
The wight freezes you.
You die...

......... ........###
..........# ..........
.........## .......z..#
.[....)...# ...
......z@#.###### ....
......z>..##... ....
._........##.####...
....................
###.##...........# #
.......##.......####.##
........................
##.....##....[.....##.##
#...#...........#.# ...


You could see 3 wights.

Vanquished Creatures
  Menkaure (D:4)
  A phantom (D:4)
  An iguana (D:4)
  An orc wizard (D:3)
  Natasha (thrice) (D:3)
  10 gnolls
  4 adders
  A dart slug (D:3)
  A worm (D:3)
  7 orcs
  6 ball pythons
  4 bats
  11 endoplasms
  6 giant cockroaches
  2 goblins
  3 hobgoblins
  3 jackals (D:1)
  6 quokkas
  3 frilled lizards
  6 kobolds
  5 rats
85 creatures vanquished.

Notes
Turn   | Place    | Note
-------+----------+-------------------------------------------
     0 | D:1      | lonewolfV2 the Formicid Fighter began the quest for the
                  | Orb.
     0 | D:1      | Reached XP level 1. HP: 18/18 MP: 1/1
   229 | D:1      | Reached XP level 2. HP: 4/24 MP: 2/2
   705 | D:1      | Reached XP level 3. HP: 22/29 MP: 3/3
  1054 | D:2      | Reached XP level 4. HP: 29/37 MP: 4/4
  1095 | D:2      | Found Zaergh's Assorted Antiques.
  1279 | D:2      | Reached XP level 5. HP: 4/42 MP: 5/5
  1281 | D:2      | HP: 2/42 [poisoned by an adder]
  1630 | D:2      | Identified a scroll of acquirement
  1630 | D:2      | Acquired 378 gold pieces
  1839 | D:2      | Found a shimmering altar of Xom.
  1904 | D:2      | Found a faded altar of an unknown god.
  2246 | D:3      | Noticed Natasha
  2257 | D:3      | Killed Natasha
  2337 | D:3      | Noticed Natasha
  2344 | D:3      | Killed Natasha
  2350 | D:3      | Reached XP level 6. HP: 29/48 MP: 6/6
  2512 | D:3      | Found a runed translucent gate.
  2512 | D:3      | Found a runed translucent gate.
  2512 | D:3      | Found a runed translucent gate.
  2512 | D:3      | Noticed Psyclone's ghost (amateur OpVM)
  2518 | D:3      | Noticed Natasha
  2546 | D:3      | Killed Natasha
  2556 | D:3      | Reached skill level 5 in Armour
  2879 | D:3      | Found a broken altar of Ashenzari.
  3012 | D:3      | Found a white marble altar of Elyvilon.
  3159 | D:4      | Noticed Menkaure
  3173 | D:4      | Reached skill level 5 in Shields
  3174 | D:4      | Killed Menkaure
  3175 | D:4      | Reached skill level 1 in Dodging
  3175 | D:4      | Reached XP level 7. HP: 36/55 MP: 7/7
  3480 | D:4      | Found an ornate altar of the Wu Jian Council.
  3497 | D:4      | HP: 2/42 [wight/+3 flail of freezing (5)]
  3497 | D:4      | Slain by a wight

Illustrated notes

Levels and vault maps discovered:
D:1:      zelgadis_glass_arrival_small, layout_basic, nicolae_titane
D:2:      layout_basic, ebering_ecumenical_altar_webs, serial_curves,
          eino_curves_03, eino_curves_02, serial_shops, nicolae_shop_dealshenge,
          basic_altar
D:3:      layout_basic, marbit_many_paths, nicolae_elyvilon_temple_path,
          ebering_ghost_rock_garden, grunt_decor_fettered,
          chequers_serial_rivers_large_a, uniq_natasha
D:4:      layout_rooms, lemuel_tele_altar, mainiacjoe_overflow_chevrons,
          uniq_menkaure

Skill      XL: |  1  2  3  4  5  6 |
---------------+-------------------+-----
Armour         | 4 5 |  5.6
Axes           | 3 4 |  4.8
Fighting       | 4 |  4.5
Shields        | 5 |  5.3
Dodging        | 1 |  1.1
Stealth        | |  0.2

Action                     |  1- 3 |  4- 6 |  7- 9 || total
---------------------------+-------+-------+-------++-------
  Melee: War axe           |    78 |   141 |    24 ||   243
    Use: Scroll            |       |     8 |     7 ||    15
         Potion            |       |     2 |     5 ||     7
 Armour: Scale mail        |    45 |    63 |    10 ||   118
  Dodge: Dodged            |    55 |    70 |    20 ||   145
  Block: Buckler           |    25 |   103 |    20 ||   148
